 Dungeon Crawl Stone Soup version 0.18.1-6-gd335043 (webtiles) character file.

2143 Moloch the Grappler (level 9, -3/63 HPs)
             Began as a Demonspawn Fighter on May 18, 2016.
             Was a Priest of Okawaru.
             Splashed by a centaur's acid (12 damage)
             ... on level 7 of the Dungeon.
             The game lasted 00:08:25 (5489 turns).

Moloch the Grappler (Demonspawn Fighter)            Turns: 5489, Time: 00:08:26

Health: -3/63      AC:  3    Str: 18    XL:     9   Next: 9%
Magic:  9/9        EV:  3    Int:  9    God:    Okawaru [***...]
Gold:   309        SH:  9    Dex: 18    Spells: 1 memorised, 1 level left

rFire  . . .     SeeInvis .       - Unarmed
rCold  . . .     Gourm    .     q - +0 chain mail
rNeg   . . .     Faith    .     b - +0 shield
rPois  +         Spirit   .     (no helmet)
rElec  .         Dismiss  .     (no cloak)
rCorr  .         Reflect  .     (no gloves)
SustAt .         Harm     .     (no boots)
MR     .....                    u - amulet of regeneration
Stlth  ..........               C - ring of poison resistance
                                j - +3 ring of dexterity

@: corroded, not resistant to hostile enchantments, extremely unstealthy
A: icy blue scales 2, demonic guardian 1, powered by death 1
a: Heroism, Renounce Religion


You were on level 7 of the Dungeon.
You worshipped Okawaru.
Okawaru was most pleased with you.
You were not hungry.

You visited 1 branch of the dungeon, and saw 7 of its levels.
You also visited: Ossuary.

You collected 309 gold pieces.

Inventory:

Armour
 b - a +0 shield (worn)
 q - a +0 chain mail (worn)
Jewellery
 j - a +3 ring of dexterity (left hand)
 u - an amulet of regeneration (around neck)
 C - a ring of poison resistance (right hand)
 F - an uncursed ring of positive energy {unknown}
Wands
 o - a wand of lightning (11/15)
 H - a wand of digging (12/24)
Scrolls
 a - 3 scrolls of amnesia {unknown}
 f - a scroll of teleportation {unknown}
 l - a scroll of immolation {unknown}
 p - 4 scrolls of identify {unknown}
 r - 4 scrolls of recharging {unknown}
 s - 3 scrolls of fear {unknown}
 w - 2 scrolls of remove curse {unknown}
 x - a scroll of magic mapping {unknown}
 y - a scroll of noise {unknown}
Potions
 c - 2 potions of might
 e - 5 potions of heal wounds {unknown}
 h - a potion of resistance {unknown}
 i - 2 potions of cancellation {unknown}
 k - 5 potions of curing
 m - 2 potions of berserk rage {unknown}
 n - a potion of invisibility {unknown}
 t - 2 potions of agility {unknown}
 v - 4 potions of haste {unknown}
 z - 2 potions of lignification {unknown}
 B - a potion of brilliance {unknown}
 D - a potion of mutation {unknown}
 E - a potion of cure mutation {unknown}
Comestibles
 d - 7 bread rations
 g - a slice of pizza
 A - a meat ration
 G - a beef jerky
 I - 4 chunks of flesh


   Skills:
 - Level 3.0 Fighting
 - Level 2.6 Armour
 - Level 2.6 Shields
 + Level 11.0 Unarmed Combat


You had one spell level left.
You knew the following spells:

 Your Spells              Type           Power        Failure   Level  Hunger
a - Dragon Form           Trmt           #.........   100%        7    #######


Dungeon Overview and Level Annotations

Branches:
Dungeon (7/15)             Temple (0/1) D:5

Altars:
Okawaru
Ru
Trog
Vehumet
Yredelemnul
The Shining One


Innate Abilities, Weirdness & Mutations

You are mostly covered in icy blue scales (AC +3, EV -1).
A weak demonic guardian rushes to your aid.
You regenerate a little health from kills.


Message History

The centaur shouts!
The centaur wields a shortbow.
The centaur shoots an arrow.
You block the arrow.
A centaur is nearby!
A centaur is nearby!
A centaur is nearby!
The centaur shoots an arrow.
You block the arrow.
The centaur zaps a wand.
The bolt of acid hits your ufetubus. The acid corrodes your ufetubus!
Your ufetubus dies!
The bolt of acid hits you! The acid corrodes you!
The acid burns!
It is a wand of acid.
The centaur shoots an arrow.
The arrow hits you!
* * * LOW HITPOINT WARNING * * *
You see here an arrow.
You punch the centaur!
The centaur is moderately wounded.
The centaur zaps a wand.
The bolt of acid hits you!
* * * LOW HITPOINT WARNING * * *
The acid corrodes you!
The acid burns!
You die...

#.####.# #.# #.# #.# #.# #.#
#.# #.# #.# #.####.#
#......####
########.........###########
.......>..(@c...............
#######.#.####<..######.....
.....................)'.....
.###############....###.....
#....# #..... #....# #.....
#....# #..... #....# #####.
#...## ##


You could see a centaur.

Vanquished Creatures
  Menkaure (D:6)
  2 phantoms
  2 ogres (D:5)
  3 centaurs
  3 elf zombies (Ossuary)
  A giant frog (D:6)
  2 scorpions (D:5)
  A howler monkey (D:6)
  2 crimson imps (D:5)
  4 centaur zombies (Ossuary)
  A quasit (D:5)
  A hound (D:4)
  3 orc priests
  5 human zombies (Ossuary)
  Jessica (D:2)
  3 iguanas
  3 worker ants
  A statue (D:4)
  3 mummies (Ossuary)
  9 adders
  2 shadow imps (D:6)
  2 oozes
  A worm (D:3)
  3 dart slugs
  2 giant geckos
  3 orcs
  3 bats
  6 giant cockroaches
  5 goblins
  7 hobgoblins
  6 jackals
  6 kobolds
  2 quokkas
  A giant cockroach zombie (D:5)
  2 giant newts
  A quokka skeleton (D:4)
  8 rats
  2 rat zombies (D:5)
  A spectral orc (D:5)
114 creatures vanquished.

Vanquished Creatures (collateral kills)
  A sky beast (D:6)
  A black bear (D:7)
  An ogre (D:4)
  An orc wizard (D:4)
  Terence (D:3)
  An adder (D:4)
  2 orcs (D:4)
8 creatures vanquished.

Grand Total: 122 creatures vanquished

Notes
Turn   | Place    | Note
--------------------------------------------------------------
     0 | D:1      | Moloch the Demonspawn Fighter began the quest for the Orb.
     0 | D:1      | Reached XP level 1. HP: 18/18 MP: 1/1
    28 | D:1      | Reached skill level 2 in Unarmed Combat
   488 | D:1      | Gained mutation: You regenerate a little health from kills. [demonic ancestry]
   488 | D:1      | Reached XP level 2. HP: 24/24 MP: 2/2
   963 | D:1      | Reached skill level 3 in Unarmed Combat
  1285 | D:2      | Reached XP level 3. HP: 28/29 MP: 3/3
  1309 | D:2      | Found a sacrificial altar of Ru.
  1743 | D:2      | Noticed Jessica
  1747 | D:2      | Killed Jessica
  1747 | D:2      | Reached skill level 4 in Unarmed Combat
  1747 | D:2      | Gained mutation: A weak demonic guardian rushes to your aid. [demonic ancestry]
  1747 | D:2      | Reached XP level 4. HP: 34/35 MP: 4/4
  1979 | D:3      | Noticed Terence
  1995 | D:3      | Killed Terence
  2025 | D:3      | Reached XP level 5. HP: 40/41 MP: 5/5
  2400 | D:4      | Reached skill level 5 in Unarmed Combat
  2501 | D:4      | Noticed a phantom
  2748 | D:4      | Killed a phantom
  2748 | D:4      | Reached XP level 6. HP: 47/47 MP: 6/6
  2807 | D:4      | Reached skill level 6 in Unarmed Combat
  2839 | D:4      | Found an iron altar of Okawaru.
  2849 | D:4      | Became a worshipper of Warmaster Okawaru
  3002 | D:4      | Found a radiant altar of Vehumet.
  3136 | D:4      | Found a bloodstained altar of Trog.
  3208 | D:5      | Entered Level 5 of the Dungeon
  3271 | D:5      | Reached skill level 7 in Unarmed Combat
  3271 | D:5      | Gained mutation: You are partially covered in icy blue scales (AC +1). [demonic ancestry]
  3271 | D:5      | Reached XP level 7. HP: 48/52 MP: 7/7
  3333 | D:5      | Reached * piety under Okawaru
  3388 | D:5      | Found a sand-covered staircase.
  3402 | Ossuary  | Entered an ossuary
  3444 | Ossuary  | Reached skill level 8 in Unarmed Combat
  3613 | Ossuary  | Reached ** piety under Okawaru
  3613 | Ossuary  | Gained mutation: You are mostly covered in icy blue scales (AC +3, EV -1). [demonic ancestry]
  3613 | Ossuary  | Reached XP level 8. HP: 57/58 MP: 8/8
  3634 | Ossuary  | Reached skill level 9 in Unarmed Combat
  4035 | D:5      | Found a staircase to the Ecumenical Temple.
  4088 | D:5      | Learned a level 7 spell: Dragon Form
  4403 | D:5      | Found a basalt altar of Yredelemnul.
  4573 | D:6      | Reached skill level 10 in Unarmed Combat
  4622 | D:6      | Reached *** piety under Okawaru
  5090 | D:6      | Noticed Menkaure
  5100 | D:6      | Killed Menkaure
  5170 | D:6      | Reached XP level 9. HP: 63/63 MP: 9/9
  5312 | D:7      | Reached skill level 11 in Unarmed Combat
  5441 | D:7      | Found a glowing golden altar of the Shining One.
  5489 | D:7      | Splashed by a centaur's acid

Skill      XL: |  1  2  3  4  5  6  7  8  9 |
---------------+----------------------------+-----
Unarmed Combat | 2 3 4 5 7 8 10 11 | 11.0
Fighting       | |  3.0
Armour         | |  2.6
Shields        | |  2.6

Action                   |  1- 3 |  4- 6 |  7- 9 || total
-------------------------+-------+-------+-------++-------
Melee: Unarmed           |   180 |   239 |   337 ||   756
 Stab: Distracted        |       |       |     2 ||     2
  Eat: Chunk             |     3 |     5 |     8 ||    16
Armor: Scale mail        |    95 |    23 |       ||   118
       Chain mail        |       |    87 |   138 ||   225
Dodge: Dodged            |    62 |    27 |    26 ||   115
Block: Shield            |    93 |    99 |   125 ||   317
